 Dungeon Crawl Stone Soup version 0.24-a0-471-g3302cd442e (webtiles) character file.

Game seed: 5509882185655089867

133 pk666 the Magician (level 4, -10/24 HPs)
             Began as a Deep Elf Wizard on July 5, 2019.
             Mangled by an orc warrior
             ... wielding a +0 dire flail
              (18 damage)
             ... on level 3 of the Dungeon.
             The game lasted 00:03:32 (2758 turns).

pk666 the Magician (Deep Elf Wizard)                Turns: 2758, Time: 00:03:33

Health: -10/24     AC:  2    Str:  4    XL:     4   Next: 93%
Magic:  2/13       EV: 13    Int: 24    God:
Gold:   102        SH:  0    Dex: 13    Spells: 4/13 levels left

rFire    + . .     SeeInvis .   j - +1 dagger (flame)
rCold    . . .     Gourm    .   (no shield)
rNeg     . . .     Faith    .   a - +0 robe
rPois    .         Spirit   .   b - +0 hat
rElec    .         Reflect  .   (no cloak)
rCorr    .         Harm     .   (no gloves)
MR       .....                  (no boots)
Stlth    ++........             (no amulet)
HPRegen  0.08/turn              e - ring of protection from fire
MPRegen  0.13/turn              (no ring)

@: very slightly contaminated
A: no striking features
a: no special abilities


You were on level 3 of the Dungeon.
You were not hungry.

You visited 1 branch of the dungeon, and saw 3 of its levels.

You collected 102 gold pieces.

Inventory:

Hand Weapons
 j - a +1 dagger of flaming (weapon)
Armour
 a - a +0 robe (worn)
 b - a +0 hat (worn)
Jewellery
 e - a ring of protection from fire (left hand)
Scrolls
 f - 4 scrolls of fear {unknown}
 h - a scroll of identify {unknown}
 l - 3 scrolls of remove curse {unknown}
 m - a scroll of fog {unknown}
 n - a scroll of immolation {unknown}
 o - 2 scrolls of amnesia {unknown}
 q - a scroll of enchant weapon {unknown}
Potions
 c - 3 potions of heal wounds {unknown}
 g - 2 potions of curing {unknown}
 i - a potion of magic {unknown}
 k - a potion of lignification {unknown}
 p - 2 potions of brilliance {unknown}
Comestibles
 d - 3 rations


   Skills:
 - Level 3.1 Dodging
 - Level 2.4 Stealth
 + Level 5.4 Spellcasting
 + Level 2.5 Conjurations
   Level 1.1 Summonings
 + Level 1.8 Translocations
 + Level 1.3 Fire Magic
 + Level 1.2 Air Magic
 + Level 1.3 Poison Magic


You had 4 spell levels left.
You knew the following spells:

 Your Spells              Type           Power        Failure   Level  Hunger
a - Magic Dart            Conj           ###.         3%          1    None
b - Blink                 Tloc           N/A          6%          2    None
c - Conjure Flame         Conj/Fire      ###.....     12%         3    ##.....
d - Mephitic Cloud        Conj/Pois/Air  ##......     13%         3    ##.....

Your spell library contained the following spells:

 Spells                   Type           Power        Failure   Level  Hunger
 Call Imp                 Summ           ##......     9%          2    None
 Slow                     Hex            #.......     13%         2    None


Dungeon Overview and Level Annotations

Branches:
Dungeon (3/15)

Altars:


Message History

Press: ? - help, Shift-Dir - straight line, f/p - orc warrior
Aim: an orc warrior, wielding a +0 dire flail and wearing a +0 chain mail (lightly wounded)
The magic dart hits the orc warrior.
The orc warrior is moderately wounded.
The orc warrior closely misses you.
Casting: Magic Dart (safe; 3% risk of failure)
Confirm with . or Enter, or press ? or * to list all spells.
Aiming: Magic Dart (safe; 3% risk of failure)
Press: ? - help, Shift-Dir - straight line, f/p - orc warrior
Aim: an orc warrior, wielding a +0 dire flail and wearing a +0 chain mail (moderately wounded)
You miscast Magic Dart.
The air around you crackles with energy!
The orc warrior hits you with a +0 dire flail!
* * * LOW HITPOINT WARNING * * *
There are monsters nearby!
There is a stone staircase leading up here.
You can't go down here!
The orc warrior hits you with a +0 dire flail!!
Ouch! That really hurt!
You die...

#######
#...o.#
#.###o#
#.# #@#
#o. ###
....
##.##
.† ..
...


You could see an orc warrior and an orc.

Vanquished Creatures
  An orc wizard (D:3)
  4 gnolls (D:2)
  An adder (D:2)
  A leopard gecko (D:1)
  2 orcs (D:3)
  6 bats
  2 giant cockroaches (D:2)
  5 goblins (D:1)
  6 hobgoblins
  3 jackals (D:1)
  6 kobolds
  3 quokkas (D:2)
  4 ball pythons
  5 frilled lizards
  5 rats
54 creatures vanquished.

Notes
Turn   | Place    | Note
-------+----------+-------------------------------------------
     0 | D:1      | pk666 the Deep Elf Wizard began the quest for the Orb.
     0 | D:1      | Reached XP level 1. HP: 10/10 MP: 7/7
   238 | D:1      | Reached XP level 2. HP: 15/15 MP: 7/9
  1023 | D:1      | Reached skill level 5 in Spellcasting
  1156 | D:2      | Reached XP level 3. HP: 19/19 MP: 7/11
  1160 | D:2      | Learned a level 2 spell: Blink
  1164 | D:2      | Learned a level 3 spell: Conjure Flame
  1168 | D:2      | Learned a level 3 spell: Mephitic Cloud
  1974 | D:2      | Reached XP level 4. HP: 24/24 MP: 7/13
  2354 | D:2      | Reached skill level 1 in Poison Magic
  2572 | D:3      | Reached skill level 1 in Fire Magic
  2584 | D:3      | Reached skill level 1 in Air Magic
  2742 | D:3      | Noticed an orc warrior
  2758 | D:3      | Mangled by an orc warrior

Levels and vault maps discovered:
D:1:      enne_arrival_octagon_isle, layout_basic
D:2:      layout_basic, first_ration
D:3:      layout_basic, lightli_temple_of_fire, uniq_terence

Skill      XL: |  1  2  3  4 |
---------------+-------------+-----
Dodging        | 3 |  3.1
Conjurations   | 2 |  2.5
Spellcasting   | 5 |  5.4
Poison Magic   | 1 |  1.3
Fire Magic     | 1 |  1.3
Air Magic      | 1 |  1.2
Stealth        | |  2.4
Summonings     | |  1.1
Translocations | |  1.8

Action                   |  1- 3 |  4- 6 || total
-------------------------+-------+-------++-------
Melee: Dagger            |       |     2 ||     2
 Cast: Magic Dart        |    88 |    49 ||   137
       Conjure Flame     |     1 |       ||     1
  Eat: Chunk             |     2 |     3 ||     5
Armor: Robe              |     2 |       ||     2
Dodge: Dodged            |     8 |     7 ||    15

Table legend:
 A = Non-vault XP
 B = Vault XP
 C = Vault XP percentage of total XP
 D = Non-vault monster count
 E = Vault monster count
 F = Vault count percentage of total count
                 A         B        C        D         E       F
            +---------+---------+-------+---------+---------+-------
      Total |     190 |       0 |   0.0 |      54 |       0 |   0.0
            +---------+---------+-------+---------+---------+-------
        D:1 |      39 |       0 |   0.0 |      23 |       0 |   0.0
        D:2 |      98 |       0 |   0.0 |      24 |       0 |   0.0
        D:3 |      53 |       0 |   0.0 |       7 |       0 |   0.0
            +---------+---------+-------+---------+---------+-------
